 Dungeon Crawl Stone Soup version 0.23.2 (webtiles) character file.

Game seed: 4271546778375655644

4519 Menchi the Protected (level 10, -3/93 HPs)
             Began as a Ghoul Fighter on Apr 5, 2019.
             Was a Priest of Makhleb.
             Slain by an orc warrior
             ... wielding a +0 battleaxe
              (21 damage)
             ... on level 9 of the Dungeon.
             The game lasted 00:30:21 (6109 turns).

Menchi the Protected (Ghoul Fighter)                Turns: 6109, Time: 00:30:21

Health: -3/93      AC: 16    Str: 23    XL:     10   Next: 39%
Magic:  10/10      EV: 13    Int:  7    God:    Makhleb [***...]
Gold:   519        SH:  0    Dex: 13    Spells: 9/9 levels left

rFire    . . .     SeeInvis .   m - +2 short sword (venom)
rCold    + . .     Gourm    .   (no shield)
rNeg     + + +     Faith    .   l - +3 chain mail
rPois    ∞         Spirit   .   (no helmet)
rElec    .         Reflect  .   (no cloak)
rCorr    +         Harm     .   r - +0 pair of gloves
MR       .....                  (no boots)
Stlth    ..........             (no amulet)
HPRegen  0.00/turn              c - +3 ring of intelligence
MPRegen  0.12/turn              H - ring of resist corrosion

@: agile, rotting
A: rotting body, claws 1, carnivore, cold resistance 1, negative energy
resistance 3, inhibited regeneration, torment resistance, unbreathing
a: Minor Destruction, Lesser Servant of Makhleb, Renounce Religion


You were on level 9 of the Dungeon.
You worshipped Makhleb.
Makhleb was most pleased with you.
You were not hungry.

You visited 1 branch of the dungeon, and saw 9 of its levels.

You collected 519 gold pieces.

Inventory:

Hand Weapons
 a - a +0 war axe
 m - a +2 short sword of venom (weapon)
 E - a +2 whip of electrocution
Armour
 i - a +0 pair of gloves
 l - a +3 chain mail (worn)
 r - a +0 pair of gloves (worn)
Jewellery
 c - a +3 ring of intelligence (left hand)
 H - a ring of resist corrosion (right hand)
Wands
 d - a wand of random effects (4)
 D - a wand of clouds (10)
 I - a wand of polymorph (7)
Scrolls
 b - a scroll of blinking
 j - 9 scrolls of identify
 o - 3 scrolls of remove curse
 q - 2 scrolls of immolation
 v - a scroll of fog
 y - 4 scrolls of magic mapping
 z - a scroll of torment {unknown}
 B - a scroll of vulnerability {unknown}
 C - 2 scrolls of teleportation
 G - a scroll of amnesia {unknown}
Potions
 e - a potion of mutation
 g - 2 potions of heal wounds
 h - a potion of flight
 k - 3 potions of resistance
 n - a potion of lignification
 p - a potion of ambrosia
 s - 3 potions of curing
 w - 3 potions of haste
Comestibles
 f - 11 rations


   Skills:
 * Level 9.8 Fighting
 * Level 5.5 Axes
 * Level 10.0 Armour
   Level 2.6 Shields
 + Level 1.4 Invocations
 + Level 1.7 Evocations


You had 9 spell levels left.
You didn't know any spells.
Your spell library contained the following spells:

 Spells                   Type           Power        Failure   Level  Hunger
 Magic Dart               Conj           #...         95%         1    ##.....
 Blink                    Tloc           N/A          99%         2    ###....
 Call Imp                 Summ           #.......     99%         2    ###....
 Slow                     Hex            #.......     99%         2    ###....
 Conjure Flame            Conj/Fire      #.......     100%        3    ####...
 Mephitic Cloud           Conj/Pois/Air  #.......     100%        3    ####...
 Excruciating Wounds      Chrm/Necr      #.........   100%        5    ######.
 Death Channel            Necr           #.........   100%        6    #######
 Shatter                  Erth           #.........   100%        9    #######


Dungeon Overview and Level Annotations

Branches:
Dungeon (9/15)             Temple (0/1) D:6            Lair (0/6) D:9
    Orc: D:9-12

Altars:
Cheibriados
Elyvilon
Makhleb
Nemelex Xobeh
Okawaru
Trog


Innate Abilities, Weirdness & Mutations

Your body is rotting away.
You thrive on raw meat.
You are immune to poison.
You have sharp fingernails.
You are carnivorous and can eat meat at any time.
Your flesh is cold resistant. (rC+)
You are immune to negative energy. (rN+++)
You do not regenerate when monsters are visible.
You are immune to unholy pain and torment.
You can survive without breathing.


Message History

You hit the orc warrior but do no damage.
The orc warrior looks as sick as possible!
The orc warrior is moderately wounded.
The orc warrior barely misses you.
You barely miss the orc warrior.
The orc warrior is moderately wounded.
You hit the orc warrior but do no damage.
The orc warrior looks as sick as possible!
The orc warrior is heavily wounded.
The orc warrior closely misses you.
You hit the orc warrior but do no damage.
The orc warrior looks as sick as possible!
The orc warrior is heavily wounded.
The orc warrior hits you with a +0 battleaxe!
* * * LOW HITPOINT WARNING * * *
You hit the orc warrior.
The orc warrior looks as sick as possible!
The orc warrior is severely wounded.
The orc warrior hits you with a +0 battleaxe!!
You die...

#......... #..#.....#
#........# # #.....# ..
#....o##.# ##.##...(....#
# +.......###### #
#..##..o######### #.### #.
#..{o@....... .... #.
#.#o############## ##.
#..##.#.##...........# #.
#.......########..##+# #.
#.###.### ###.....### #.
#.#######.........###.
.###......#..P.....P..###
#.........#.........P.....
#########........>.......#


You could see an orc warrior and 2 orcs.

Vanquished Creatures
  Pikel (D:6)
  An elephant (D:9)
  A kobold demonologist (D:8)
  2 trolls
  2 hippogriffs
  Sigmund (D:2)
  Menkaure (D:6)
  An ice beast (D:6)
  2 phantoms
  A black bear (D:7)
  2 sky beasts
  3 ogres
  2 centaurs
  2 crocodiles (D:9)
  A bullfrog (D:7)
  A wyvern skeleton (D:8)
  4 scorpions
  A howler monkey (D:6)
  2 crimson imps
  2 quasits
  A bullfrog skeleton (D:4)
  3 hounds
  4 orc priests
  Crazy Yiuf (D:6)
  2 jellies
  5 orc wizards
  An iguana (D:8)
  3 worker ants
  A killer bee zombie (D:6)
  2 hound zombies
  A hound skeleton (D:5)
  A howler monkey zombie (D:6)
  A howler monkey skeleton (D:4)
  4 gnolls (D:4)
  8 adders
  7 shadow imps
  An ooze (D:3)
  An adder zombie (D:8)
  An adder skeleton (D:4)
  2 worms
  3 dart slugs
  3 leopard geckos
  23 orcs
  2 giant cockroaches
  9 goblins
  7 hobgoblins
  17 jackals
  8 kobolds
  5 quokkas
  5 bats
  6 frilled lizards
  5 rats
176 creatures vanquished.

Vanquished Creatures (collateral kills)
  An orc priest (D:8)
  A shadow imp (D:8)
2 creatures vanquished.

Vanquished Creatures (others)
  A howler monkey skeleton (D:6)
1 creature vanquished.

Grand Total: 179 creatures vanquished

Notes
Turn   | Place    | Note
-------+----------+-------------------------------------------
     0 | D:1      | Menchi the Ghoul Fighter began the quest for the Orb.
     0 | D:1      | Reached XP level 1. HP: 19/19 MP: 0/0
   244 | D:1      | Reached XP level 2. HP: 24/26 MP: 1/1
   479 | D:1      | Reached skill level 3 in Armour
   687 | D:2      | Noticed Sigmund
   734 | D:2      | Reached XP level 3. HP: 26/33 MP: 2/2
   880 | D:2      | Killed Sigmund
   880 | D:2      | Reached skill level 4 in Armour
   880 | D:2      | Reached XP level 4. HP: 30/41 MP: 3/3
   880 | D:2      | Reached XP level 5. HP: 34/47 MP: 4/4
   958 | D:2      | Found a snail-covered altar of Cheibriados.
  1058 | D:2      | Reached XP level 6. HP: 53/55 MP: 5/5
  1183 | D:2      | Found a burning altar of Makhleb.
  1195 | D:2      | Became a worshipper of Makhleb the Destroyer
  1272 | D:2      | Reached skill level 5 in Fighting
  1694 | D:3      | Found a white marble altar of Elyvilon.
  2156 | D:4      | Noticed a phantom
  2229 | D:4      | Killed a phantom
  2229 | D:4      | Reached XP level 7. HP: 23/61 MP: 6/6
  2344 | D:4      | Reached skill level 5 in Armour
  2466 | D:4      | Reached * piety under Makhleb
  2951 | D:4      | Identified the Volume of Dusty Necromancy
  3014 | D:5      | Entered Level 5 of the Dungeon
  3121 | D:5      | Reached skill level 6 in Armour
  3121 | D:5      | Reached XP level 8. HP: 67/71 MP: 7/7
  3204 | D:5      | Noticed a troll
  3397 | D:5      | Killed a troll
  3419 | D:5      | Reached ** piety under Makhleb
  3712 | D:6      | Noticed Menkaure
  3749 | D:6      | Killed Menkaure
  3757 | D:6      | Reached skill level 7 in Armour
  3931 | D:6      | Reached XP level 9. HP: 76/81 MP: 8/8
  3943 | D:6      | Noticed Pikel
  3955 | D:6      | Killed Pikel
  3989 | D:6      | Reached skill level 1 in Evocations
  4004 | D:6      | Reached skill level 8 in Armour
  4058 | D:6      | Found a staircase to the Ecumenical Temple.
  4105 | D:6      | Found a runed translucent door.
  4106 | D:6      | Noticed Crazy Yiuf
  4112 | D:6      | Killed Crazy Yiuf
  4545 | D:7      | Reached skill level 5 in Axes
  4816 | D:7      | Found an iron altar of Okawaru.
  4816 | D:7      | Found a sparkling altar of Nemelex Xobeh.
  5085 | D:8      | Reached *** piety under Makhleb
  5151 | D:8      | Reached skill level 9 in Armour
  5169 | D:8      | Found a transporter.
  5176 | D:8      | Noticed a kobold demonologist
  5208 | D:8      | Found a transporter.
  5279 | D:8      | Noticed an ice devil
  5321 | D:8      | Noticed a hellwing
  5353 | D:8      | Killed a kobold demonologist
  5353 | D:8      | Reached XP level 10. HP: 80/91 MP: 8/10
  5572 | D:8      | Found a bloodstained altar of Trog.
  5845 | D:9      | Reached skill level 1 in Invocations
  5927 | D:9      | Found a staircase to the Lair.
  5928 | D:9      | Noticed an elephant
  5967 | D:9      | Killed an elephant
  6096 | D:9      | Reached skill level 10 in Armour
  6109 | D:9      | Slain by an orc warrior

Skill      XL: |  1  2  3  4  5  6  7  8  9 10 |
---------------+-------------------------------+-----
Axes           | 2 3 4 5 |  5.5
Armour         | 3 4 6 7 9 10 | 10.0
Fighting       | 4 5 6 8 9 |  9.8
Evocations     | 1 |  1.7
Invocations    | 1 |  1.4
Shields        | |  2.6

Action                   |  1- 3 |  4- 6 |  7- 9 | 10-12 || total
-------------------------+-------+-------+-------+-------++-------
Melee: War axe           |    27 |       |       |       ||    27
       Short sword       |    58 |   121 |   383 |   158 ||   720
       Whip              |       |       |    76 |       ||    76
Invok: Minor Destruction |       |       |     8 |       ||     8
Evoke: Wand              |       |       |    20 |       ||    20
  Use: Potion            |     1 |     1 |    10 |     5 ||    17
       Scroll            |       |       |    11 |     1 ||    12
  Eat: Chunk             |    18 |    13 |    47 |    20 ||    98
Armor: Scale mail        |    11 |       |       |       ||    11
       Chain mail        |    72 |    79 |   424 |   124 ||   699
Dodge: Dodged            |    49 |    56 |   253 |   105 ||   463
